 Dungeon Crawl Stone Soup version 0.25.0-9-g26727b6 (webtiles) character file.

Game seed: 8189888122303955620

4074 razzle the Fighter (level 10, 0/123 HPs)
             Began as an Ogre Berserker on June 16, 2020.
             Was a High Priest of Trog.
             Slain by a killer bee (6 damage)
             ... on level 8 of the Dungeon.
             The game lasted 00:15:15 (12950 turns).

razzle the Fighter (Ogre Berserker)                Turns: 12950, Time: 00:15:15

Health: 0/123      AC:  3    Str: 26    XL:     10   Next: 25%
Magic:  10/10      EV: 10    Int: 14    God:    Trog [*****.]
Gold:   411        SH:  0    Dex: 10    Spells: 9/9 levels left

rFire    . . .     SeeInvis .   u - +3 spear "Tatroetz" {speed, MR+ Dex+2}
rCold    . . .     Gourm    .   (no shield)
rNeg     + . .     Faith    +   b - +0 animal skin
rPois    .         Spirit   .   (helmet restricted)
rElec    .         Reflect  .   (no cloak)
rCorr    .         Harm     .   (gloves unavailable)
MR       ++++.                  (boots unavailable)
Stlth    +.........             t - amulet of faith
HPRegen  1.30/turn              l - +6 ring of intelligence
MPRegen  0.12/turn              q - ring of positive energy

@: regenerating
A: large, unfitting armour, tough skin 1
a: Berserk, Trog's Hand, Brothers in Arms, Renounce Religion


You were on level 8 of the Dungeon.
You worshipped Trog.
Trog was extremely pleased with you.
You were hungry.

You visited 1 branch of the dungeon, and saw 8 of its levels.

You collected 501 gold pieces.
You spent 90 gold pieces at shops.

Inventory:

Hand Weapons
 a - a +0 hand axe
 u - the +3 spear "Tatroetz" (weapon) {speed, MR+ Dex+2}
   (You found it on level 4 of the Dungeon)

   Attacks with this weapon are significantly faster.
   It affects your dexterity (+2).
   It affects your resistance to hostile enchantments.
Missiles
 g - 4 atropa-tipped darts (quivered)
Armour
 b - a +0 animal skin (worn)
Jewellery
 l - a +6 ring of intelligence (left hand)
 q - a ring of positive energy (right hand)
 t - an amulet of faith (around neck)
Wands
 m - a wand of flame (20)
 C - a wand of enslavement (10)
 D - a wand of acid (6)
Scrolls
 f - 5 scrolls of teleportation
 j - 2 scrolls of identify
 k - 3 scrolls of magic mapping
 s - 4 scrolls of enchant weapon
 y - a scroll of enchant armour
 z - 4 scrolls of remove curse
 A - 2 scrolls of blinking
 F - a scroll of acquirement {unknown}
Potions
 d - a potion of cancellation {unknown}
 e - 4 potions of curing
 i - a potion of lignification
 n - a potion of flight {unknown}
 o - 2 potions of heal wounds
 p - 2 potions of brilliance
 r - 2 potions of stabbing {unknown}
 w - a potion of mutation {unknown}
 B - a potion of haste {unknown}
 E - a potion of magic {unknown}
Comestibles
 c - 9 rations
 v - 3 chunks of flesh


   Skills:
 + Level 14.9 Fighting
 * Level 9.1 Axes
 - Level 2.6 Dodging


You had 9 spell levels left.
You didn't know any spells.
Your spell library was empty.

Dungeon Overview and Level Annotations

Branches:
Dungeon (8/15)             Temple (0/1) D:5            Lair (0/6) D:8

Altars:
Cheibriados
Dithmenos
Elyvilon
Kikubaaqudgha
Makhleb
Okawaru
Qazlal
Ru
Vehumet
Yredelemnul
Zin

Shops:
D:6 ?*


Innate Abilities, Weirdness & Mutations

You are too large for most types of armour.
You have tough skin. (AC +1)


Message History

You are more poisoned.
The killer bee poisons you! The killer bee misses you.
As you read the scroll of fear, it crumbles to dust.
You assume a fearsome visage.
The killer bee looks frightened! x3
The two-headed ogre resists with almost no effort.
You feel very sick.
You feel sick.
You feel sick.
You feel better.
Some of the chunks of flesh in your inventory have rotted away.
The killer bee barely misses you. The killer bee stings you!
* * * LOW HITPOINT WARNING * * *
The killer bee stings you but does no damage.
The killer bee stings you.
* * * LOW HITPOINT WARNING * * *
As you read the scroll of fog, it crumbles to dust.
The scroll dissolves into smoke.
The killer bee stings you.
* * * LOW HITPOINT WARNING * * *
The killer bee stings you.
You die...

....≈≈≈≈≈≈..................
.≈.>..≈≈≈≈≈.................#
≈≈....≈≈≈≈≈≈#...[(...........#
≈≈≈.≈.≈.≈≈≈≈≈#....)..........##
..≈≈≈≈≈≈≈≈.≈≈≈....<...........#
..≈≈≈≈≈≈≈≈≈...##.))).....##...#
≈≈≈.≈.≈≈≈≈≈.÷.##........## #..
≈....≈≈≈≈.≈...##§§§....## .#
≈..≈.≈...≈.≈..##@§.....#
.....≈........#yy§.....#
..............O..§.....###
..[###.....##............# #
####...###....#...##.....
###.##....#....#.....#####.
.y.y..#...........#..##
..y###..........).....# ####
#......####.####.#


You could see a two-headed ogre and 2 killer bees.

Vanquished Creatures
  A troll (D:7)
  The ghost of zazu2006 the Covered, an amateur GnWn (D:4)
  Sigmund (D:4)
  A hungry ghost (D:7)
  An ice beast (D:4)
  2 orc warriors (D:7)
  A sky beast (D:6)
  3 wolves
  2 ogres
  2 phantoms
  5 centaurs
  A big kobold (D:7)
  A bullfrog (D:7)
  3 scorpions
  3 wights (D:7)
  2 electric eels (D:8)
  A howler monkey (D:8)
  4 crimson imps
  A bullfrog zombie (D:5)
  6 hounds
  3 orc wizards (D:8)
  2 jellies (D:7)
  6 orc priests
  4 bullfrog skeletons
  8 worker ants
  2 iguanas (D:4)
  A hound skeleton (D:4)
  Robin (D:4)
  10 gnolls
  13 adders
  3 shadow imps
  A howler monkey simulacrum (D:4)
  3 worker ant simulacra (D:4)
  An adder skeleton (D:8)
  3 worms
  A dart slug (D:1)
  An adder simulacrum (D:4)
  6 leopard geckos
  19 orcs
  A giant cockroach (D:2)
  11 goblins
  9 hobgoblins
  12 jackals
  4 quokkas
  9 ball pythons
  10 bats
  A frilled lizard (D:1)
  A giant cockroach simulacrum (D:4)
  14 kobolds
  A quokka skeleton (D:4)
  3 rats
206 creatures vanquished.

Notes
Turn   | Place    | Note
-------+----------+-------------------------------------------
     0 | D:1      | razzle the Ogre Berserker began the quest for the Orb.
     0 | D:1      | Reached XP level 1. HP: 24/24 MP: 1/1
   235 | D:1      | Reached XP level 2. HP: 33/33 MP: 2/2
   798 | D:2      | Reached skill level 5 in Fighting
   824 | D:2      | Reached XP level 3. HP: 28/42 MP: 3/3
  1783 | D:2      | Reached XP level 4. HP: 40/52 MP: 4/4
  2002 | D:2      | Found an ancient bone altar of Kikubaaqudgha.
  2198 | D:2      | Reached ** piety under Trog
  2407 | D:2      | Reached skill level 6 in Fighting
  3285 | D:3      | Reached XP level 5. HP: 61/61 MP: 5/5
  3484 | D:3      | Found a snail-covered altar of Cheibriados.
  3650 | D:3      | Found a faded altar of an unknown god.
  3693 | D:3      | Found Zin's Purification Station.
  3699 | D:3      | Found a glowing silver altar of Zin.
  3704 | D:3      | Bought a potion of curing for 90 gold pieces
  3925 | D:3      | Reached skill level 7 in Fighting
  4249 | D:4      | Noticed Sigmund
  4258 | D:4      | Killed Sigmund
  4258 | D:4      | Reached skill level 8 in Fighting
  4258 | D:4      | Reached XP level 6. HP: 72/72 MP: 6/6
  4493 | D:4      | Found a shadowy altar of Dithmenos.
  4494 | D:4      | Found a sacrificial altar of Ru.
  4494 | D:4      | Noticed Robin
  4529 | D:4      | Killed Robin
  4530 | D:4      | Found an iron altar of Okawaru.
  4736 | D:4      | Found a runed translucent gate.
  4736 | D:4      | Found a runed translucent gate.
  4736 | D:4      | Found a runed translucent gate.
  4797 | D:4      | Reached XP level 7. HP: 27/81 MP: 7/7
  4803 | D:4      | Reached skill level 5 in Axes
  5183 | D:4      | Noticed zazu2006's ghost (amateur GnWn)
  5263 | D:4      | Killed zazu2006's ghost
  5263 | D:4      | Reached skill level 9 in Fighting
  5634 | D:4      | Reached skill level 10 in Fighting
  5643 | D:4      | Got a dazzling spear
  5739 | D:4      | Reached *** piety under Trog
  5739 | D:4      | Reached XP level 8. HP: 87/93 MP: 8/8
  5762 | D:4      | Identified the +3 spear "Tatroetz" {speed, MR+ Dex+2} (You
                  | found it on level 4 of the Dungeon)
  6136 | D:4      | Found a basalt altar of Yredelemnul.
  6449 | D:5      | Entered Level 5 of the Dungeon
  6722 | D:5      | Reached skill level 11 in Fighting
  7507 | D:5      | Found a staircase to the Ecumenical Temple.
  7707 | D:5      | Reached skill level 12 in Fighting
  7805 | D:5      | Reached **** piety under Trog
  7805 | D:5      | Reached XP level 9. HP: 95/107 MP: 9/9
  8418 | D:6      | Found Geotiden's Magic Scroll Shop.
  8426 | D:6      | Found a basalt altar of Yredelemnul.
  8471 | D:6      | Found a burning altar of Makhleb.
  8596 | D:6      | Found Rudeol's Lightly-Used Armoury.
  9040 | D:7      | Found a stormy altar of Qazlal.
  9070 | D:7      | Reached skill level 13 in Fighting
  9433 | D:7      | Found a sacrificial altar of Ru.
  9796 | D:7      | Reached skill level 14 in Fighting
 10471 | D:7      | Found a radiant altar of Vehumet.
 10802 | D:8      | Noticed a troll
 10829 | D:7      | Reached XP level 10. HP: 36/123 MP: 10/10
 11186 | D:7      | HP: 8/184 [orc/+0 flail (10)]
 11191 | D:7      | HP: 6/184 [hound (2)]
 11192 | D:7      | HP: 2/184 [hound (1)]
 12335 | D:8      | Reached ***** piety under Trog
 12702 | D:8      | Found a white marble altar of Elyvilon.
 12892 | D:8      | Found a staircase to the Lair.
 12916 | D:8      | Noticed a two-headed ogre
 12950 | D:8      | HP: 6/123 [killer bee (6)]
 12950 | D:8      | Slain by a killer bee

Illustrated notes

Levels and vault maps discovered:
D:1:      giann_bridges, layout_basic
D:2:      layout_basic, old_standard_altar, first_ration, minmay_tetromino_l4
D:3:      layout_loops_cross, zin_purify, old_standard_altar,
          chequers_ecumenical_altar_simple, corexii_item_surrounded_by_moat,
          st_stairs_12, minmay_snake_closets
D:4:      layout_basic, grunt_temple_overflow_open, marbit_many_paths,
          gammafunk_ghost_icy, uniq_sigmund, uniq_robin
D:5:      layout_cave_pools, minmay_temple_entry_glass
D:6:      layout_basic, old_standard_altar, serial_shops, shop, basic_altar,
          minmay_shop_damaged
D:7:      layout_loops_ring, grunt_qazlal_clouds, lemuel_coloured_pillars_altar,
          basic_altar
D:8:      layout_layer_cave, old_standard_altar, erik_lair_island,
          nicolae_ossuary_entry_false_entrances

Skill      XL: |  1  2  3  4  5  6  7  8  9 10 |
---------------+-------------------------------+-----
Fighting       | 5 6 8 10 12 14 | 14.9
Axes           | 4 5 7 8 9 |  9.1
Dodging        | |  2.6

Action                   |  1- 3 |  4- 6 |  7- 9 | 10-12 || total
-------------------------+-------+-------+-------+-------++-------
Melee: Hand axe          |   106 |   206 |    76 |       ||   388
       Spear             |       |       |   412 |    99 ||   511
Invok: Berserk           |     2 |     3 |    14 |     4 ||    23
       Trog's Hand       |       |       |     2 |     1 ||     3
  Use: Potion            |       |     1 |     1 |     1 ||     3
       Scroll            |       |     7 |     6 |     2 ||    15
 Stab: Sleeping          |     1 |       |     1 |       ||     2
       Distracted        |       |       |     1 |       ||     1
  Eat: Chunk             |     4 |     9 |    14 |     3 ||    30
       Ration            |       |     1 |     7 |     2 ||    10
Armor: Animal skin       |    45 |    36 |    53 |     8 ||   142
       Skin              |       |     5 |       |       ||     5
Dodge: Dodged            |    79 |   103 |   159 |    68 ||   409
